 Dungeon Crawl Stone Soup version 0.30.0-10-gfe55d96785 (webtiles) character file.

Game seed: 2833404115125128549

455 qw the Chopper (level 7, -1/43 HPs)
             Began as a Gargoyle Cinder Acolyte on May 17, 2023.
             Was an Elder of Ignis.
             Killed from afar by a dart slug (4 damage)
             ... with a slug dart
             ... on level 4 of the Dungeon.
             The game lasted 00:02:29 (4012 turns).

qw the Chopper (Gargoyle Cinder Acolyte)            Turns: 4012, Time: 00:02:29

Health: -1/43      AC: 19    Str: 20    XL:     7   Next: 5%
Magic:  8/8        EV: 11    Int: 14    God:    Ignis [****..]
Gold:   186        SH:  0    Dex:  5    Spells: 8/8 levels left

rFire   + . .        Y - -1 hand axe (flame)
rCold   . . .        (no shield)
rNeg    + . .        j - +0 leather armour
rPois   inf          a - +2 helmet
rElec   +            e - +0 cloak
rCorr   .            (no gloves)
SInv    .            (no boots)
Will    .....        (no amulet)
Stlth   +            (no ring)
HPRegen 0.27/turn    (no ring)
MPRegen 0.11/turn

%: no passive effects
@: lit by a corona, about to teleport, fiery-armoured, glowing
A: sickness immunity, AC +4, negative energy resistance 1, electricity
resistance, torment resistance 1, petrification resistance
a: Renounce Religion, Fiery Armour, Foxfire Swarm, Rising Flame


You were on level 4 of the Dungeon.
You worshipped Ignis.
Ignis was greatly pleased with you.
You visited 1 branch of the dungeon, and saw 4 of its levels.
You also visited: Sewer.

You collected 186 gold pieces.


Innate Abilities, Weirdness & Mutations

You are immune to sickness and miasma.
Your stone body is resilient. (AC +4)
You are immune to poison.
You resist negative energy. (rN+)
You are resistant to electric shocks. (rElec)
You are resistant to unholy torment.
You are immune to petrification.


   Skills:
 - Level 4.0 Fighting
 + Level 6.7 Axes
 - Level 1.0 Armour
 - Level 1.0 Spellcasting
 - Level 3.0 Fire Magic


You had 8 spell levels left.
You didn't know any spells.
Your spell library contained the following spells:

 Spells                   Type           Power      Damage    Failure   Level
 Scorch                   Fire           18%        2d6       14%         2

Inventory:

Hand Weapons
 Y - a -1 hand axe of flaming (weapon)
Missiles
 d - 2 boomerangs (quivered)
Armour
 a - a +2 helmet (worn)
 e - a +0 cloak (worn)
 j - a +0 leather armour (worn)
Scrolls
 c - a scroll of teleportation
Potions
 f - 3 potions of haste
 g - a potion of attraction {unknown}
 h - a potion of experience {unknown}
 i - a potion of mutation {unknown}
 k - a potion of resistance
 l - a potion of curing {unknown}
 m - a potion of might
 o - a potion of cancellation {unknown}
 p - a potion of magic {unknown}

Dungeon Overview and Level Annotations

Branches:
Dungeon (4/15)              Sewer (visited)
 Temple: D:4-7

Altars:
Ashenzari

Shops:
D:2 (

Annotations:
D:4 Dowan


Message History

You hit Dowan but do no damage. Duvessa hits you but does no damage.
Dowan hits you but does no damage.
You hit Duvessa but do no damage.
Duvessa is almost dead.
You closely miss Dowan. You hit the dart slug. You burn the dart slug.
Duvessa hits you but does no damage. Dowan hits you with a +0 dagger.
Dowan resists.
Dowan is burned by your cloak of flames.
Dowan is heavily wounded.
Duvessa hits you with a +0 short sword! The dart slug launches a dart at you.
The slug dart hits you but does no damage.
4010 ||| READING 2 scrolls of teleportation.
As you read the scroll of teleportation, it crumbles to dust.
You feel strangely unstable. Duvessa hits you but does no damage.
Dowan casts a spell at you.
The puff of frost hits you but does no damage.
You hit Duvessa but do no damage.
Duvessa is almost dead.
You hit Dowan but do no damage. You hit the dart slug but do no damage.
Duvessa hits you but does no damage. Dowan hits you but does no damage.
Dowan resists.
Dowan is burned by your cloak of flames.
Dowan is heavily wounded.
The dart slug launches a dart at you. The slug dart hits you.
Duvessa hits you but does no damage.
Duvessa is burned by your cloak of flames.
Duvessa is almost dead.
You hit Duvessa. You burn Duvessa.
You kill Duvessa!
Dowan seems overcome with grief.
Dowan seems to find hidden reserves of power!
You hit Dowan. You hit the dart slug but do no damage.
Dowan hits you with a +0 dagger.
Dowan resists.
Dowan is burned by your cloak of flames.
Dowan is severely wounded.
The dart slug launches a dart at you. The slug dart hits you.
You die...

......).%..<..#
#..
####..........#
##.
#.###......#####
###............###
#.................
#.................
#.................
#.................
#@)...............
#ew..<............
#.................
#.................
#................)
..................
....##### ....#


You could see Dowan (fast) and a dart slug.

Vanquished Creatures
  Duvessa (D:4)
  A black bear (D:4)
  An orc priest (D:2)
  An orc wizard (D:2)
  Robin (D:4)
  A gnoll (D:2)
  7 adders
  7 river rats (Sewer)
  2 dart slugs (D:3)
  6 orcs
  13 ball pythons
  9 bats
  6 endoplasms
  10 giant cockroaches
  14 goblins
  5 hobgoblins
  8 jackals (D:1)
  8 quokkas
  7 frilled lizards
  23 kobolds
  31 rats
162 creatures vanquished.

Notes
Turn   | Place    | Note
-------+----------+-------------------------------------------
     0 | D:1      | qw the Gargoyle Cinder Acolyte began the quest for the Orb.
     0 | D:1      | Reached XP level 1. HP: 14/14 MP: 2/2
     0 | D:1      | 0 ||| qw: Version: 0.2-a-95-g4c1bab1
     0 | D:1      | 0 ||| qw: Game counter: 91
     0 | D:1      | 0 ||| qw: Always use a shield: true
     0 | D:1      | 0 ||| qw: God list: Okawaru
     0 | D:1      | 0 ||| qw: Allow faded altars: false
     0 | D:1      | 0 ||| qw: Do Orc after D:15 true
     0 | D:1      | 0 ||| qw: Do second Lair branch before Depths: true
     0 | D:1      | 0 ||| qw: Lair rune preference: random
     0 | D:1      | 0 ||| qw: Plans: Normal
     0 | D:1      | 0 ||| PLANNING D:1-11
    63 | D:1      | Reached skill level 3 in Axes
    66 | D:1      | 66 ||| Stepping ~*~*~tactically~*~*~ (stealth).
    73 | D:1      | Reached XP level 2. HP: 19/19 MP: 3/3
   140 | D:1      | 140 ||| Stepping ~*~*~tactically~*~*~ (stealth).
   142 | D:1      | 142 ||| Stepping ~*~*~tactically~*~*~ (stealth).
   147 | D:1      | 147 ||| Stepping ~*~*~tactically~*~*~ (stealth).
   399 | D:1      | Reached XP level 3. HP: 20/23 MP: 4/4
   574 | D:1      | 574 ||| Stepping ~*~*~tactically~*~*~ (stealth).
   586 | D:1      | Reached skill level 4 in Axes
   904 | D:1      | 904 ||| UPGRADING to +0 leather armour.
   914 | D:1      | 914 ||| DROPPING +0 robe.
   915 | D:1      | 915 ||| READING scroll labelled BERGHE DODIXALA.
   916 | D:1      | 916 ||| READING scroll labelled RAEWEPISOGG.
   917 | D:1      | 917 ||| READING scroll labelled FYWNOI ZO TOF.
  1188 | D:2      | Reached XP level 4. HP: 24/28 MP: 5/5
  1208 | D:2      | 1208 ||| INVOKING Fiery Armour.
  1218 | D:2      | Reached skill level 5 in Axes
  1218 | D:2      | Reached XP level 5. HP: 29/32 MP: 6/6
  1243 | D:2      | Found a broken altar of Ashenzari.
  1385 | D:2      | Found Maank's Weapon Shop.
  1466 | D:2      | 1466 ||| Stepping ~*~*~tactically~*~*~ (stealth).
  1468 | D:2      | 1468 ||| Stepping ~*~*~tactically~*~*~ (stealth).
  1633 | D:2      | 1633 ||| UPGRADING to +0 cloak.
  1638 | D:2      | 1638 ||| READING scroll labelled ASOSTR YFRUGHAD.
  1639 | D:2      | 1639 ||| DRINKING 2 murky grey potions.
  1640 | D:2      | 1640 ||| DRINKING 2 bubbling emerald potions.
  1641 | D:2      | 1641 ||| DRINKING 2 fuming dark potions.
  1642 | D:2      | 1642 ||| DROPPING potion of invisibility.
  1663 | D:3      | 1663 ||| PLANNING SEWER
  1755 | D:3      | 1755 ||| Stepping ~*~*~tactically~*~*~ (water).
  1757 | D:3      | Reached skill level 1 in Armour
  1759 | D:3      | Found a glowing drain.
  1771 | D:3      | 1771 ||| READING scroll labelled USOADO JUBB.
  1777 | Sewer    | Entered a sewer
  1798 | Sewer    | 1798 ||| Stepping ~*~*~tactically~*~*~ (stealth).
  1825 | Sewer    | 1825 ||| Stepping ~*~*~tactically~*~*~ (stealth).
  1831 | Sewer    | 1831 ||| Stepping ~*~*~tactically~*~*~ (stealth).
  1832 | Sewer    | 1832 ||| Stepping ~*~*~tactically~*~*~ (stealth).
  1834 | Sewer    | 1834 ||| Stepping ~*~*~tactically~*~*~ (stealth).
  1904 | Sewer    | 1904 ||| Stepping ~*~*~tactically~*~*~ (stealth).
  1906 | Sewer    | 1906 ||| Stepping ~*~*~tactically~*~*~ (stealth).
  2061 | Sewer    | 2061 ||| INVOKING Fiery Armour.
  2086 | Sewer    | Reached XP level 6. HP: 38/38 MP: 7/7
  2126 | Sewer    | 2126 ||| Stepping ~*~*~tactically~*~*~ (stealth).
  2127 | Sewer    | 2127 ||| Stepping ~*~*~tactically~*~*~ (stealth).
  2129 | Sewer    | 2129 ||| Stepping ~*~*~tactically~*~*~ (stealth).
  2134 | Sewer    | 2134 ||| Stepping ~*~*~tactically~*~*~ (stealth).
  2143 | Sewer    | 2143 ||| Stepping ~*~*~tactically~*~*~ (stealth).
  2144 | Sewer    | 2144 ||| Stepping ~*~*~tactically~*~*~ (stealth).
  2147 | Sewer    | 2147 ||| Stepping ~*~*~tactically~*~*~ (stealth).
  2148 | Sewer    | 2148 ||| Stepping ~*~*~tactically~*~*~ (stealth).
  2189 | Sewer    | 2189 ||| Stepping ~*~*~tactically~*~*~ (stealth).
  2190 | Sewer    | 2190 ||| Stepping ~*~*~tactically~*~*~ (stealth).
  2290 | Sewer    | 2290 ||| INVOKING Fiery Armour.
  2533 | Sewer    | 2533 ||| READING scroll labelled OZUFEE XAUHAE.
  2534 | Sewer    | 2534 ||| DRINKING 2 brown potions.
  2535 | Sewer    | 2535 ||| DRINKING 3 pink potions.
  2536 | Sewer    | 2536 ||| DRINKING 2 sapphire potions.
  2537 | Sewer    | 2537 ||| DROPPING potion of brilliance.
  2572 | D:3      | 2572 ||| PLANNING D:1-11
  2693 | D:3      | Identified the +0 robe of the Valley {rElec Will- Str+3}
  2753 | D:3      | 2753 ||| Stepping ~*~*~tactically~*~*~ (hiding).
  2883 | D:3      | 2883 ||| Stepping ~*~*~tactically~*~*~ (hiding).
  3129 | D:3      | Reached skill level 6 in Axes
  3129 | D:3      | 3129 ||| Stepping ~*~*~tactically~*~*~ (stealth).
  3505 | D:3      | 3505 ||| DROPPING +0 robe of the Valley {rElec Will-
                  | Str+3}.
  3506 | D:3      | 3506 ||| DROPPING ring of flight.
  3507 | D:3      | 3507 ||| READING scroll labelled QEXASTYKUKH.
  3508 | D:3      | 3508 ||| READING scroll labelled BEGUPI RANU.
  3509 | D:3      | 3509 ||| READING scroll labelled TEUGIAG MUITU.
  3510 | D:3      | 3510 ||| DRINKING 2 purple potions.
  3614 | D:3      | 3614 ||| DROPPING potion of berserk rage.
  3754 | D:2      | 3754 ||| STAIRDANCE
  3794 | D:4      | Noticed a black bear
  3810 | D:4      | 3810 ||| INVOKING Fiery Armour.
  3810 | D:4      | Killed a black bear
  3812 | D:4      | HP: 8/38 [orc/+0 dagger (2)]
  3813 | D:4      | 3813 ||| READING 3 scrolls of teleportation.
  3814 | D:4      | 3814 ||| DRINKING potion of heal wounds.
  3829 | D:4      | Noticed Robin
  3830 | D:4      | 3830 ||| Stepping ~*~*~tactically~*~*~ (stealth).
  3831 | D:4      | 3831 ||| Stepping ~*~*~tactically~*~*~ (stealth).
  3832 | D:4      | 3832 ||| Stepping ~*~*~tactically~*~*~ (stealth).
  3846 | D:4      | Killed Robin
  3847 | D:4      | Reached XP level 7. HP: 39/43 MP: 8/8
  3847 | D:4      | 3847 ||| Stepping ~*~*~tactically~*~*~ (stealth).
  3864 | D:4      | 3864 ||| Stepping ~*~*~tactically~*~*~ (stealth).
  3865 | D:4      | 3865 ||| Stepping ~*~*~tactically~*~*~ (stealth).
  3873 | D:4      | 3873 ||| Stepping ~*~*~tactically~*~*~ (hiding).
  3876 | D:4      | 3876 ||| Stepping ~*~*~tactically~*~*~ (hiding).
  3877 | D:4      | 3877 ||| Stepping ~*~*~tactically~*~*~ (hiding).
  3955 | D:4      | 3955 ||| UPGRADING to +2 helmet.
  3965 | D:4      | 3965 ||| STAIRDANCE
  3991 | D:4      | Noticed Duvessa
  3993 | D:4      | Noticed Dowan
  3994 | D:4      | 3994 ||| INVOKING Fiery Armour.
  4009 | D:4      | HP: 9/43 [Duvessa/+0 short sword (10)]
  4010 | D:4      | 4010 ||| READING 2 scrolls of teleportation.
  4012 | D:4      | Killed Duvessa
  4012 | D:4      | HP: 3/43 [Dowan/+0 dagger (4)]
  4012 | D:4      | Killed from afar by a dart slug

Levels and vault maps discovered:
D:1:      lightli_arrival_maybe_door_vault, layout_basic,
          palyth_stone_intersect, hangedman_feature_mirror,
          hangedman_decor_points
D:2:      minmay_general_purpose_star, layout_rooms, serial_glass,
          glass_columns_b, glass_columns_c, glass_columns_b, glass_columns_a,
          basic_altar, serial_shops, shop_statue, minmay_between
D:3:      layout_loops_corners, gup_sewer_entry_pipe
D:4:      layout_basic, uniq_duvessa, uniq_robin

Skill      XL: |  1  2  3  4  5  6 |
---------------+-------------------+-----
Axes           | 3 4 5 6 |  6.7
Armour         | 1 |  1.0
Fighting       | 4 |  4.0
Spellcasting   | |  1.0
Fire Magic     | |  3.0

Action                     |  1- 3 |  4- 6 |  7- 9 || total
---------------------------+-------+-------+-------++-------
  Melee: Hand axe          |   129 |   224 |    31 ||   384
  Throw: Boomerang         |    32 |    76 |    14 ||   122
 Invoke: Fiery Armour      |       |     4 |     1 ||     5
    Use: Scroll            |     3 |     7 |     1 ||    11
         Potion            |       |     8 |       ||     8
 Armour: Robe              |    43 |       |       ||    43
         Leather armour    |    14 |    94 |    28 ||   136
  Dodge: Dodged            |    94 |   140 |    16 ||   250

Table legend:
 A = Non-vault XP
 B = Vault XP
 C = Vault XP percentage of total XP
 D = Non-vault monster count
 E = Vault monster count
 F = Vault count percentage of total count
                 A         B        C        D         E       F
            +---------+---------+-------+---------+---------+-------
      Total |     385 |     418 |  52.1 |      70 |      92 |  56.8
            +---------+---------+-------+---------+---------+-------
        D:1 |      49 |       8 |  14.0 |      29 |       4 |  12.1
        D:2 |     118 |      28 |  19.2 |      17 |       9 |  34.6
        D:3 |      64 |      16 |  20.0 |      17 |       8 |  32.0
        D:4 |     154 |     188 |  55.0 |       7 |      13 |  65.0
      Sewer |       0 |     178 | 100.0 |       0 |      58 | 100.0
            +---------+---------+-------+---------+---------+-------
